AoeStats
← epic porc epic

Black Forest

510390924Analyzed
4v4 RM · 11h ago on Sep 30, 2026· 36m 16s· 8 players
Game mode
Random Map
Map size
Large (8 player)
Population
200
Speed
Normal
Resources
Standard
Victory
Conquest
Starting age
Dark Age
Ending age
Imperial Age
RankedLock teamsTeams togetherTeam positionsShared explorationLock speedFull tech treeHidden civsTurbo modeCheats
Victory
Defeat
🇹🇷 Britons · Türkiye
1052
+12
🇨🇦 Romans · Canada
1000
+42
🇩🇰 Turks · Denmark
991
+15
🇹🇷 Vikings · Türkiye
966
+17
🇸🇪 Saxons · Sweden
984
-15
🇲🇽 Japanese · Mexico
980
-15
🇨🇱 Franks · Chile
973
-15
🇧🇷 Turks · Brazil
930
-13
Calcetin
11:50 Feudal Age
24:12 Castle Age
28:27 Gold Mining
firstApe
14:17 Feudal Age
15:13 Horse Collar
15:22 Double-Bit Axe
15:32 Gold Mining
19:48 Castle Age
19:50 Wheelbarrow
19:02 Town Watch
22:52 Loom
23:54 Sanctity
23:48 Redemption
23:44 Atonement
25:18 Heavy Plow
25:38 Bow Saw
28:47 Scale Mail Armor
28:38 Fletching
28:59 Forging
29:48 Hand Cart
32:23 Imperial Age
30:17 Ballistics
31:47 Masonry
31:35 Murder Holes
32:42 Squires
32:27 Gambesons
33:16 Arson
34:46 Elite Varangian Guard
35:36 Scale Barding Armor
35:46 Chain Mail Armor
36:07 Iron Casting
35:59 Elite Varangian Guard
37:08 Conscription
37:25 Hoardings
tts.engamb
2:03 Loom
14:20 Feudal Age
20:52 Castle Age
19:35 Horse Collar
20:15 Double-Bit Axe
20:48 Stone Mining
20:53 Gold Mining
32:05 Wheelbarrow
♛ | Chief LeToré
12:50 Feudal Age
17:03 Castle Age
15:11 Double-Bit Axe
15:19 Horse Collar
15:55 Stone Mining
15:58 Gold Mining
20:43 Heavy Plow
20:57 Bow Saw
23:57 Gold Shaft Mining
24:00 Fervor
25:59 Wheelbarrow
25:10 Town Watch
30:21 Imperial Age
28:39 Scale Mail Armor
29:19 Squires
29:05 Arson
29:41 Caravan
30:00 Forging
30:36 Chain Mail Armor
32:27 Two-Man Saw
32:06 Iron Casting
31:19 Loom
The Priest1783
0:29 Loom
12:06 Feudal Age
13:43 Double-Bit Axe
16:51 Castle Age
16:28 Horse Collar
19:40 Wheelbarrow
19:46 Bow Saw
19:43 Town Watch
30:55 Imperial Age
28:50 Gold Mining
29:44 Heavy Plow
33:17 Artillery
epic porc epic
16:02 Feudal Age
15:41 Loom
16:46 Horse Collar
17:18 Double-Bit Axe
18:04 Gold Mining
19:32 Wheelbarrow
24:02 Town Watch
30:43 Castle Age
29:40 Forging
29:30 Scale Mail Armor
29:36 Scale Barding Armor
29:21 Fletching
29:32 Padded Archer Armor
30:08 Stone Mining
31:34 Bow Saw
31:28 Heavy Plow
32:05 Gold Shaft Mining
31:55 Hand Cart
31:31 Pikeman
32:13 Squires
33:23 Town Patrol
33:54 Fervor
TheCaesar
10:51 Feudal Age
9:41 Loom
11:28 Feudal Age
15:46 Castle Age
15:52 Double-Bit Axe
17:04 Fletching
17:08 Gold Mining
17:17 Stone Mining
17:33 Crossbowman
25:45 Ballistics
25:23 Bodkin Arrow
27:41 Padded Archer Armor
32:52 Imperial Age
30:56 Yeomen
31:56 Wheelbarrow
31:08 Town Watch
35:04 Chemistry
34:07 Bracer
34:22 Leather Archer Armor
34:54 Arbalester
36:28 Gold Shaft Mining
Andorra Elturco
1:29 Loom
15:35 Feudal Age
16:29 Double-Bit Axe
27:02 Castle Age
26:11 Horse Collar
27:24 Scale Mail Armor
27:47 Squires
27:44 Pikeman
35:47 Arson
36:21 Chain Mail Armor
36:16 Forging
Connection lost

Rejoining the realm…

Still unreachable

The connection could not be restored.

Session expired

The server has moved on; the page needs a fresh start.